[Event "Czech Open Rapid G1 2024"]
[Site "Pardubice"]
[Date "2024.07.18"]
[Round "6.18"]
[White "Mojzis, Jaroslav"]
[Black "Jurek, Josef"]
[Result "1/2-1/2"]
[Annotator "RC"]
[ECO "E15"]
[WhiteElo "2068"]
[BlackElo "2200"]
[PlyCount "65"]
[EventDate "2024.07.16"]
[EventType "swiss"]
[EventCountry "CZE"]
[SourceTitle "playchess.com"]
[Source "ChessBase"]
[SourceQuality "1"]
[TimeControl "1200+10"]

1. d4 Nf6 2. c4 e6 3. Nf3 b6 4. g3 Ba6 5. Qc2 c5 6. Bg2 Bb7 7. O-O cxd4 8. Nxd4 Bxg2 9. Kxg2 Qc8 10. Bg5 Be7 11. Nd2 Qb7+ 12. f3 a6 13. e4 d6 14. Qa4+ Nbd7 15. b4 O-O 16. Nc6 Rfe8 17. Nxe7+ Rxe7 18. Rfe1 Ree8 19. Qb3 Rac8 20. Nf1 h6 21. Bxf6 Nxf6 22. Rad1 Rc6 23. b5 axb5 24. cxb5 Rc5 25. Rxd6 Qc7 26. Red1 Rc3 27. Qb4 Ra8 28. Rd8+ Rxd8 29. Rxd8+ Kh7 30. Rd2 Rc4 31. Qb3 Qc5 32. a3 Rc3 33. Qb4 1/2-1/2

[Event "Czech Open Rapid G1 2024"]
[Site "Pardubice"]
[Date "2024.07.18"]
[Round "6.19"]
[White "Dorokhina, Elizaveta"]
[Black "Ludvik, Tomas"]
[Result "0-1"]
[Annotator "RC"]
[ECO "D02"]
[WhiteElo "1962"]
[BlackElo "2210"]
[PlyCount "70"]
[EventDate "2024.07.16"]
[EventType "swiss"]
[EventCountry "CZE"]
[SourceTitle "playchess.com"]
[Source "ChessBase"]
[SourceQuality "1"]
[TimeControl "1200+10"]

1. d4 d5 2. Nf3 Nf6 3. Bf4 c5 4. e3 Nc6 5. Nbd2 Qb6 6. dxc5 Qxb2 7. Rb1 Qc3 8. Bb5 g6 9. O-O Bg7 10. e4 Nxe4 11. Re1 O-O 12. Nxe4 dxe4 13. Rxe4 Bf5 14. Rc4 Qa3 15. Bxc6 bxc6 16. Be5 Qxa2 17. Rc3 Rfd8 18. Qc1 Bh6 19. Qf1 f6 20. Ra1 Qd5 21. Bc7 Rd7 22. Bb6 Be4 23. h3 Bg7 24. Rca3 Bxc2 25. Bxa7 Be4 26. Bb6 Rxa3 27. Rxa3 Qd1 28. Ne1 Qc1 29. Ra8+ Kf7 30. Ra4 f5 31. Rc4 Qa1 32. Rxe4 fxe4 33. Qc4+ e6 34. Qxe4 Bc3 35. Kf1 Bxe1 0-1

[Event "Czech Open Rapid G1 2024"]
[Site "Pardubice"]
[Date "2024.07.18"]
[Round "6.20"]
[White "Karpinets, Andrian"]
[Black "Bouska, Jiri"]
[Result "0-1"]
[Annotator "RC"]
[ECO "B67"]
[WhiteElo "1759"]
[BlackElo "2222"]
[PlyCount "68"]
[EventDate "2024.07.16"]
[EventType "swiss"]
[EventCountry "CZE"]
[SourceTitle "playchess.com"]
[Source "ChessBase"]
[SourceQuality "1"]
[TimeControl "1200+10"]

1. e4 c5 2. Nf3 Nc6 3. d4 cxd4 4. Nxd4 Nf6 5. Nc3 d6 6. Bg5 Bd7 7. Qd2 a6 8. f4 e6 9. O-O-O b5 10. e5 dxe5 11. Nxc6 Bxc6 12. fxe5 Qxd2+ 13. Rxd2 Nd7 14. Bf4 Be7 15. h4 O-O-O 16. h5 Nc5 17. Rxd8+ Rxd8 18. Rh3 b4 19. Nd1 a5 20. Ne3 Rd4 21. Bh2 Bg5 22. c3 bxc3 23. bxc3 Re4 24. Kd2 Ra4 25. Ke1 Rxa2 26. Bc4 Ra1+ 27. Ke2 Ne4 28. Ba6+ Kc7 29. Nc4 Ra2+ 30. Kf1 Nc5 31. Rg3 h6 32. Bg1 Ra1+ 33. Kf2 Ne4+ 34. Ke2 Nxg3+ 0-1

[Event "Czech Open Rapid G1 2024"]
[Site "Pardubice"]
[Date "2024.07.18"]
[Round "6.21"]
[White "Hosticka, Frantisek"]
[Black "Kastner, Oldrich"]
[Result "1-0"]
[Annotator "RC"]
[ECO "C02"]
[WhiteElo "2062"]
[BlackElo "2004"]
[PlyCount "57"]
[EventDate "2024.07.16"]
[EventType "swiss"]
[EventCountry "CZE"]
[SourceTitle "playchess.com"]
[Source "ChessBase"]
[SourceQuality "1"]
[TimeControl "1200+10"]

1. e4 e6 2. d4 d5 3. e5 c5 4. c3 Nc6 5. Be3 Qb6 6. Qd2 Bd7 7. Nf3 Rc8 8. dxc5 Bxc5 9. Bxc5 Qxc5 10. Na3 Nge7 11. Bd3 Ng6 12. Bxg6 hxg6 13. O-O Rh5 14. Rfe1 Ke7 15. Nc2 Rch8 16. Ncd4 Qb6 17. b4 a6 18. a4 Qc7 19. Qf4 Be8 20. g4 Rh3 21. Kg2 Na7 22. Rec1 Qc4 23. Qg5+ f6 24. exf6+ gxf6 25. Qe3 e5 26. g5 e4 27. gxf6+ Kd7 28. Ne5+ Kc8 29. Nxc4 1-0

[Event "Czech Open Rapid G1 2024"]
[Site "Pardubice"]
[Date "2024.07.18"]
[Round "6.22"]
[White "Filindash, Nikita"]
[Black "Ocelak, Jakub"]
[Result "0-1"]
[Annotator "RC"]
[ECO "D32"]
[WhiteElo "2007"]
[BlackElo "2206"]
[PlyCount "56"]
[EventDate "2024.07.16"]
[EventType "swiss"]
[EventCountry "CZE"]
[SourceTitle "playchess.com"]
[Source "ChessBase"]
[SourceQuality "1"]
[TimeControl "1200+10"]

1. d4 d5 2. c4 e6 3. Nc3 c5 4. cxd5 exd5 5. Nf3 Nf6 6. Bg5 Be6 7. e3 c4 8. Be2 Bb4 9. O-O O-O 10. Ne5 Nbd7 11. f4 Bxc3 12. bxc3 Bf5 13. Bf3 Qa5 14. Nxd7 Nxd7 15. Bg4 Bxg4 16. Qxg4 f5 17. Qf3 Rae8 18. Rf2 Re4 19. Rc1 Nb6 20. Rb2 Rfe8 21. Kf2 Na4 22. Rxb7 Nxc3 23. Qh5 Rf8 24. Be7 Qxa2+ 25. Kg1 Qd2 26. h3 Qxe3+ 27. Kh2 Qxf4+ 28. g3 Qd2+ 0-1

[Event "Czech Open Rapid G1 2024"]
[Site "Pardubice"]
[Date "2024.07.18"]
[Round "6.23"]
[White "Vrana, Frantisek"]
[Black "Rous, Dominik"]
[Result "1-0"]
[Annotator "RC"]
[ECO "D02"]
[WhiteElo "2147"]
[BlackElo "1719"]
[PlyCount "87"]
[EventDate "2024.07.16"]
[EventType "swiss"]
[EventCountry "CZE"]
[SourceTitle "playchess.com"]
[Source "ChessBase"]
[SourceQuality "1"]
[TimeControl "1200+10"]

1. d4 Nf6 2. Nf3 d5 3. Bf4 c5 4. c3 Nc6 5. e3 e6 6. Nbd2 Qb6 7. Qb3 c4 8. Qc2 Be7 9. e4 h6 10. h4 a5 11. a4 Bd7 12. e5 Nh5 13. Bh2 g6 14. Be2 Ng7 15. Bf4 Na7 16. Qc1 Qc7 17. Nf1 h5 18. Ne3 Nf5 19. Nxf5 exf5 20. e6 Bd6 21. Bxd6 Qxd6 22. exd7+ Kxd7 23. Ne5+ Ke8 24. O-O Kf8 25. Re1 Nc8 26. b3 cxb3 27. Bb5 Ne7 28. c4 Kg7 29. c5 Qf6 30. Qf4 Nc8 31. Rab1 Na7 32. Nd7 Qd8 33. Qe5+ Kh6 34. Qf4+ Kg7 35. Nb6 Rb8 36. Rxb3 f6 37. Rbe3 Rf8 38. Nd7 Nxb5 39. Nxb8 Nxd4 40. Re7+ Rf7 41. Re8 Qc7 42. Qxd4 Kh6 43. Rh8+ Kg7 44. Ree8 1-0

[Event "Czech Open Rapid G1 2024"]
[Site "Pardubice"]
[Date "2024.07.18"]
[Round "6.24"]
[White "Garsky, Vladyslav"]
[Black "Sichrovsky, Tomas"]
[Result "1-0"]
[Annotator "ChessBase"]
[ECO "B13"]
[WhiteElo "2137"]
[BlackElo "1933"]
[PlyCount "65"]
[EventDate "2024.07.16"]
[EventType "swiss"]
[EventCountry "CZE"]
[SourceTitle "playchess.com"]
[Source "ChessBase"]
[SourceQuality "1"]
[TimeControl "1200+10"]

1. e4 c6 2. d4 d5 3. exd5 cxd5 4. Bd3 Nc6 5. c3 Nf6 6. Nf3 g6 7. h3 Bf5 8. O-O Bg7 9. Bf4 O-O 10. Re1 Bxd3 11. Qxd3 a6 12. Nbd2 b5 13. a3 Na5 14. b4 Nc4 15. Nb3 e6 16. Nc5 Qb6 17. Ne5 Ra7 18. a4 Nb2 19. Qc2 Nxa4 20. Nxa4 bxa4 21. Rxa4 Rc8 22. Nd3 Rc4 23. Ne5 Rc8 24. Nd3 Rc4 25. Nc5 Ne4 26. Rxe4 dxe4 27. Qb3 Rxc5 28. dxc5 Qd8 29. b5 e5 30. Be3 Rd7 31. b6 Rd3 32. b7 Rxe3 33. b8=Q 1-0

[Event "Czech Open Rapid G1 2024"]
[Site "Pardubice"]
[Date "2024.07.18"]
[Round "6.25"]
[White "Mica, Marek"]
[Black "Stocek, Martin"]
[Result "1-0"]
[Annotator "TA"]
[ECO "D00"]
[WhiteElo "2375"]
[BlackElo "2110"]
[PlyCount "81"]
[EventDate "2024.07.16"]
[EventType "swiss"]
[EventCountry "CZE"]
[SourceTitle "playchess.com"]
[Source "ChessBase"]
[SourceQuality "1"]
[TimeControl "1200+10"]

1. a3 d5 2. d4 Nf6 3. Nf3 Bg4 4. Ne5 Bh5 5. Bf4 e6 6. f3 Nfd7 7. g4 (7. Nc3 $11) 7... Nxe5 $15 8. dxe5 {[%emt 0:00:19] Black is better.} Bg6 9. h4 {[%emt 0:00:05] [#] Threatens to win with h5.} h5 {[%emt 0:00:15] ...hxg4 is the strong threat.} 10. g5 c6 11. e3 Qb6 12. b3 Bc5 13. Kf2 O-O 14. Bd3 Bxd3 15. cxd3 g6 16. Nd2 Nd7 17. Qc2 Be7 18. Bg3 Rac8 19. f4 Rfd8 20. Rhd1 c5 21. Kf3 Qc6 22. Be1 b5 23. Nf1 c4 24. d4 {[%emt 0:00:06] Dodges Nc5} cxb3 25. Qxb3 Qc4 ({Black should play} 25... Nb6 $15) 26. Qd3 a6 27. Ng3 ({White should try} 27. Ba5 $11) 27... Qxd3 (27... Qc7 {feels hotter.} 28. Nf1 Nb6 29. Ba5 Re8) 28. Rxd3 Rc4 29. Ne2 Rdc8 30. Rb3 Nb6 31. Ba5 Na4 32. f5 exf5 33. Nf4 Bd8 34. Bb4 (34. Bxd8 Rxd8 35. Rh1 Nc3 $17) 34... a5 $2 (34... Nb6 $1 $11 {and Black is okay.}) 35. Be1 $18 Rc1 36. Rxc1 Rxc1 37. Nd3 Ra1 38. Rxb5 {[%emt 0:00:06] [#] Hoping for Rb8.} Rxa3 $2 (38... Bb6 39. Bxa5 (39. Rxd5 Rxa3 40. Nc5 Nxc5 $18) 39... Bxa5) 39. Nf4 ({Less strong is} 39. Bxa5 Bxa5 40. Rxa5 Rxd3 $11) 39... Nc3 40. Bxc3 {[%emt 0:00:06][%cal Ob5b8] White threatens Rb8! and mate.} Rxc3 41. Rb8 {[%emt 0:00:02] Weighted Error Value: White=0.19 (very precise) /Black=0.40.  Loses game:     	---       	Black=1      Mistake:       	White=2     	Black=2      Inaccurate:     	White=2     	Black=4      OK:         	White=13    	Black=12     Best:        	White=1     	Black=1} (41. Nxd5 Rc8 $18) 1-0

[Event "Czech Open Rapid G1 2024"]
[Site "Pardubice"]
[Date "2024.07.18"]
[Round "6.26"]
[White "Setina, Vaclav"]
[Black "Krak, Tomas"]
[Result "1/2-1/2"]
[Annotator "RC"]
[ECO "B22"]
[WhiteElo "1984"]
[BlackElo "2229"]
[PlyCount "99"]
[EventDate "2024.07.16"]
[EventType "swiss"]
[EventCountry "CZE"]
[SourceTitle "playchess.com"]
[Source "ChessBase"]
[SourceQuality "1"]
[TimeControl "1200+10"]

1. e4 c5 2. c3 e6 3. d4 d5 4. exd5 exd5 5. Nf3 a6 6. Be2 Nf6 7. Bg5 Be6 8. Nbd2 Nc6 9. O-O h6 10. Bh4 Be7 11. dxc5 Bxc5 12. Nb3 Ba7 13. Nbd4 O-O 14. Bd3 Bg4 15. Bc2 g5 16. Bg3 Ne4 17. Nxc6 bxc6 18. Bxe4 dxe4 19. Qxd8 Rfxd8 20. Ne5 Be2 21. Nxc6 Rd2 22. Rfc1 Rxb2 23. Nxa7 Rxa7 24. c4 Rb6 25. c5 Rc6 26. Rab1 f5 27. Rb6 Bb5 28. Bd6 Rd7 29. Rxc6 Bxc6 30. Rb1 Rb7 31. Rb6 Rxb6 32. cxb6 Kf7 33. g3 h5 34. h4 Ke6 35. Bb4 gxh4 36. gxh4 f4 37. Kf1 Kd5 38. f3 exf3 39. Kf2 Kc4 40. Bd6 Kb5 41. Bc7 Kb4 42. Bd6+ Ka5 43. Bc7 Ka4 44. Bd6 Bb7 45. a3 Kb5 46. Bc7 a5 47. Bd8 Kc5 48. Bc7 a4 49. Bd8 Kd5 50. Kxf3 1/2-1/2

[Event "Czech Open Rapid G1 2024"]
[Site "Pardubice"]
[Date "2024.07.18"]
[Round "6.27"]
[White "Ret, Adam Josef"]
[Black "Levytskyi, Liubomyr"]
[Result "1/2-1/2"]
[Annotator "RC"]
[ECO "A20"]
[WhiteElo "2085"]
[BlackElo "1717"]
[PlyCount "127"]
[EventDate "2024.07.16"]
[EventType "swiss"]
[EventCountry "CZE"]
[SourceTitle "playchess.com"]
[Source "ChessBase"]
[SourceQuality "1"]
[TimeControl "1200+10"]

1. c4 e5 2. g3 c6 3. Bg2 d5 4. d4 e4 5. Nc3 Bb4 6. Qb3 Bxc3+ 7. bxc3 Nf6 8. Ba3 Qb6 9. cxd5 Qxb3 10. axb3 cxd5 11. e3 Nc6 12. Kd2 Be6 13. Ne2 Ng4 14. Raf1 Kd7 15. f3 exf3 16. Bxf3 h5 17. Nf4 Nf6 18. c4 Na5 19. cxd5 Bf5 20. Bb4 Nxb3+ 21. Kc3 a5 22. Kxb3 axb4 23. Ra1 Kd6 24. Kxb4 h4 25. Rxa8 Rxa8 26. gxh4 Re8 27. Re1 Be4 28. Bxe4 Rxe4 29. Kc4 Nxd5 30. Nxd5 b5+ 31. Kd3 Kxd5 32. Rb1 Rxh4 33. Rxb5+ Ke6 34. Rb2 f5 35. Rg2 Kf6 36. Re2 Ke6 37. Kc4 Re4 38. Kc5 f4 39. d5+ Kd7 40. Rg2 fxe3 41. Rxg7+ Re7 42. Rg1 e2 43. Re1 Re4 44. h4 Rxh4 45. Rxe2 Rh6 46. Rg2 Kc7 47. Rg7+ Kd8 48. Rf7 Rg6 49. Kd4 Ke8 50. Rh7 Ra6 51. Ke5 Kd8 52. Rf7 Rb6 53. Rf6 Rxf6 54. Kxf6 Kd7 55. Kf5 Kd6 56. Ke4 Kd7 57. Kd3 Kd6 58. Kd4 Kd7 59. Kc5 Kc7 60. d6+ Kd7 61. Kd5 Kd8 62. Kc6 Kc8 63. d7+ Kd8 64. Kd6 1/2-1/2

[Event "Czech Open Rapid G1 2024"]
[Site "Pardubice"]
[Date "2024.07.18"]
[Round "6.28"]
[White "Dobrowolski, Kamil"]
[Black "Ptacek, Lubos"]
[Result "0-1"]
[Annotator "RC"]
[ECO "C72"]
[WhiteElo "1801"]
[BlackElo "2036"]
[PlyCount "74"]
[EventDate "2024.07.16"]
[EventType "swiss"]
[EventCountry "CZE"]
[SourceTitle "playchess.com"]
[Source "ChessBase"]
[SourceQuality "1"]
[TimeControl "1200+10"]

1. e4 e5 2. Nf3 Nc6 3. Bb5 a6 4. Ba4 d6 5. O-O Bd7 6. a3 Be7 7. Nc3 Nf6 8. d4 b5 9. Bb3 exd4 10. Nxd4 Ne5 11. f4 Nc6 12. Nxc6 Bxc6 13. e5 dxe5 14. fxe5 Qxd1 15. Nxd1 Nd5 16. c4 bxc4 17. Bxc4 Bc5+ 18. Kh1 O-O 19. Bxd5 Bxd5 20. Be3 Be7 21. Rc1 Rfc8 22. Nc3 Be6 23. Ne4 Rab8 24. Rf2 Rb5 25. Bc5 Bh4 26. Rf4 Bd8 27. b4 h6 28. Nc3 Bg5 29. Rff1 Rbb8 30. Rcd1 Rd8 31. Ne4 Rxd1 32. Rxd1 Bf4 33. Bd4 Rd8 34. Nc3 Bg4 35. Rd3 Bxe5 36. h3 Bf5 37. Rf3 Bxd4 0-1

[Event "Czech Open Rapid G1 2024"]
[Site "Pardubice"]
[Date "2024.07.18"]
[Round "6.29"]
[White "Kopriva, Martin"]
[Black "Kavalir, Jan"]
[Result "1-0"]
[Annotator "RC"]
[ECO "A69"]
[WhiteElo "2159"]
[BlackElo "1992"]
[PlyCount "53"]
[EventDate "2024.07.16"]
[EventType "swiss"]
[EventCountry "CZE"]
[SourceTitle "playchess.com"]
[Source "ChessBase"]
[SourceQuality "1"]
[TimeControl "1200+10"]

1. d4 Nf6 2. c4 g6 3. Nc3 Bg7 4. e4 d6 5. f4 O-O 6. Nf3 c5 7. d5 e6 8. Be2 exd5 9. cxd5 Re8 10. e5 dxe5 11. fxe5 Ng4 12. Bg5 Qb6 13. O-O c4+ 14. Kh1 Nxe5 15. Nxe5 Bxe5 16. Bxc4 f6 17. d6+ Be6 18. Nd5 Qd4 19. Qxd4 Bxd4 20. Bxf6 Nc6 21. Bxd4 Nxd4 22. Nf6+ Kh8 23. Nxe8 Bxc4 24. Rf4 Nc2 25. Rxc4 Nxa1 26. d7 Rd8 27. Rc8 1-0

[Event "Czech Open Rapid G1 2024"]
[Site "Pardubice"]
[Date "2024.07.18"]
[Round "6.30"]
[White "Novotny, Josef"]
[Black "Tyshniuk, Roman"]
[Result "1/2-1/2"]
[Annotator "RC"]
[ECO "A00"]
[WhiteElo "2033"]
[BlackElo "1903"]
[PlyCount "125"]
[EventDate "2024.07.16"]
[EventType "swiss"]
[EventCountry "CZE"]
[SourceTitle "playchess.com"]
[Source "ChessBase"]
[SourceQuality "1"]
[TimeControl "1200+10"]

1. e3 Nf6 2. d3 e5 3. Nf3 Nc6 4. a3 d5 5. h3 h6 6. Nc3 Be6 7. Be2 Qe7 8. b4 e4 9. Nd4 Nxd4 10. exd4 O-O-O 11. Bf4 Qd7 12. dxe4 dxe4 13. Be5 Qc6 14. Nb5 Kd7 15. O-O Bc4 16. Nxa7 Bxe2 17. Qxe2 Qa6 18. Nb5 c6 19. Nc3 Qxe2 20. Nxe2 Nd5 21. Ng3 f6 22. c4 fxe5 23. cxd5 cxd5 24. dxe5 Re8 25. f4 exf3 26. Rxf3 Rxe5 27. Raf1 Bd6 28. Rf7+ Re7 29. Rxe7+ Bxe7 30. Rf7 g6 31. Rg7 Ra8 32. Rxg6 Rxa3 33. Nf5 Bxb4 34. Rxh6 Bc5+ 35. Kf1 Ra1+ 36. Ke2 Ra2+ 37. Kd3 Rxg2 38. h4 b5 39. h5 b4 40. Rg6 Rh2 41. h6 b3 42. Rg7+ Kc6 43. Nd4+ Bxd4 44. Kxd4 Rxh6 45. Kc3 Rh3+ 46. Kb2 Kc5 47. Rc7+ Kd4 48. Rb7 Rd3 49. Re7 Re3 50. Rb7 Kd3 51. Rxb3+ Kd2 52. Rb5 d4 53. Rc5 d3 54. Rh5 Re2 55. Rh1 Ke3+ 56. Kc1 Ra2 57. Rh3+ Kd4 58. Rh8 Ra1+ 59. Kd2 Ra2+ 60. Kd1 Kc3 61. Rc8+ Kd4 62. Rd8+ Kc3 63. Rc8+ 1/2-1/2

[Event "Czech Open Rapid G1 2024"]
[Site "Pardubice"]
[Date "2024.07.18"]
[Round "6.31"]
[White "Gschwendtner, Stanislav"]
[Black "Dolensky, Filip"]
[Result "0-1"]
[Annotator "RC"]
[ECO "A21"]
[WhiteElo "2011"]
[BlackElo "2085"]
[PlyCount "94"]
[EventDate "2024.07.16"]
[EventType "swiss"]
[EventCountry "CZE"]
[SourceTitle "playchess.com"]
[Source "ChessBase"]
[SourceQuality "1"]
[TimeControl "1200+10"]

1. c4 e5 2. g3 Nc6 3. Nc3 Bb4 4. Bg2 Bxc3 5. bxc3 d6 6. e4 f5 7. exf5 Bxf5 8. d3 Nf6 9. Ne2 O-O 10. O-O Qd7 11. d4 Rae8 12. c5 d5 13. dxe5 Nxe5 14. Nd4 Bg4 15. f3 Bh3 16. Bf4 Bxg2 17. Kxg2 c6 18. Bxe5 Rxe5 19. Qd2 Rfe8 20. Rae1 Qe7 21. Rxe5 Qxe5 22. Kf2 Nd7 23. Nb3 Qf5 24. g4 Qf6 25. g5 Qf5 26. Re1 Rxe1 27. Qxe1 Ne5 28. Qd1 Qxg5 29. Nd4 Qh4+ 30. Kg2 Ng6 31. Ne6 Qf6 32. Nd4 Nf4+ 33. Kh1 Qg6 34. Qf1 Qg5 35. a4 Qe7 36. Qc1 Nd3 37. Qd2 Qe1+ 38. Qxe1 Nxe1 39. a5 a6 40. Kg1 Kf7 41. Nf5 Nxf3+ 42. Kf2 Nxh2 43. Nd6+ Ke7 44. Nxb7 Ng4+ 45. Kf3 Ne5+ 46. Kf4 Nc4 47. Kg5 Kd7 0-1

[Event "Czech Open Rapid G1 2024"]
[Site "Pardubice"]
[Date "2024.07.18"]
[Round "6.32"]
[White "Laith, Kasib"]
[Black "Lihotsky, Lukas"]
[Result "0-1"]
[Annotator "RC"]
[ECO "B18"]
[WhiteElo "2075"]
[BlackElo "2129"]
[PlyCount "58"]
[EventDate "2024.07.16"]
[EventType "swiss"]
[EventCountry "CZE"]
[SourceTitle "playchess.com"]
[Source "ChessBase"]
[SourceQuality "1"]
[TimeControl "1200+10"]

1. e4 c6 2. Nc3 d5 3. d4 dxe4 4. Nxe4 Bf5 5. Ng3 Bg6 6. Nh3 Nf6 7. Nf4 Nbd7 8. h4 e5 9. Nxg6 hxg6 10. dxe5 Qa5+ 11. Bd2 Qxe5+ 12. Qe2 O-O-O 13. Qxe5 Nxe5 14. Be2 Bc5 15. f3 Rhe8 16. O-O-O Nd5 17. f4 Nd7 18. Bf3 N7f6 19. h5 Bf2 20. Nf1 gxh5 21. c4 Nb6 22. b3 g6 23. Bc3 Rxd1+ 24. Bxd1 Ne4 25. Bb2 Bc5 26. f5 Nf2 27. Rh4 Re1 28. fxg6 fxg6 29. Kd2 Bb4+ 0-1

[Event "Czech Open Rapid G1 2024"]
[Site "Pardubice"]
[Date "2024.07.18"]
[Round "6.33"]
[White "Park, Inchan"]
[Black "Alexikov, Alexander"]
[Result "1/2-1/2"]
[Annotator "RC"]
[ECO "E60"]
[WhiteElo "1856"]
[BlackElo "2183"]
[PlyCount "69"]
[EventDate "2024.07.16"]
[EventType "swiss"]
[EventCountry "CZE"]
[SourceTitle "playchess.com"]
[Source "ChessBase"]
[SourceQuality "1"]
[TimeControl "1200+10"]

1. d4 Nf6 2. Nf3 g6 3. g3 Bg7 4. Bg2 O-O 5. O-O c6 6. c4 d6 7. b3 Qa5 8. Bb2 Qh5 9. Nc3 e5 10. dxe5 dxe5 11. Qc2 Re8 12. e4 Na6 13. a3 Bh3 14. Nh4 Bxg2 15. Kxg2 Nc5 16. Nf3 Nfd7 17. Rad1 Re7 18. b4 Ne6 19. h3 f5 20. c5 Rf8 21. Qb3 fxe4 22. Nxe4 Ref7 23. Qxe6 Qxf3+ 24. Kg1 Qxe4 25. Rxd7 Qf5 26. Qxf5 gxf5 27. Rfd1 e4 28. Bxg7 Kxg7 29. Kf1 Rxd7 30. Rxd7+ Rf7 31. Rd6 Rf6 32. Rd7+ Rf7 33. Rd6 Rf6 34. Rd7+ Rf7 35. Rd6 1/2-1/2

[Event "Czech Open Rapid G1 2024"]
[Site "Pardubice"]
[Date "2024.07.18"]
[Round "6.34"]
[White "Silar, Lubomir"]
[Black "Pejrimovsky, Tadeas Rubel"]
[Result "1/2-1/2"]
[Annotator "RC"]
[ECO "B08"]
[WhiteElo "1973"]
[BlackElo "1847"]
[PlyCount "23"]
[EventDate "2024.07.16"]
[EventType "swiss"]
[EventCountry "CZE"]
[SourceTitle "playchess.com"]
[Source "ChessBase"]
[SourceQuality "1"]
[TimeControl "1200+10"]

1. d4 Nf6 2. Nf3 g6 3. Nc3 Bg7 4. e4 d6 5. h3 O-O 6. Bd3 Nbd7 7. O-O e5 8. dxe5 dxe5 9. Be3 c6 10. a4 a5 11. Qd2 Re8 12. Bc4 1/2-1/2

[Event "Czech Open Rapid G1 2024"]
[Site "Pardubice"]
[Date "2024.07.18"]
[Round "6.35"]
[White "Skoloud, Barnabas"]
[Black "Dovzhenko, Viktor"]
[Result "1-0"]
[Annotator "RC"]
[ECO "B06"]
[WhiteElo "1914"]
[BlackElo "2044"]
[PlyCount "55"]
[EventDate "2024.07.16"]
[EventType "swiss"]
[EventCountry "CZE"]
[SourceTitle "playchess.com"]
[Source "ChessBase"]
[SourceQuality "1"]
[TimeControl "1200+10"]

1. e4 g6 2. d4 a6 3. c4 c6 4. Nf3 d6 5. Be3 Nf6 6. Nc3 b5 7. Qc2 Ng4 8. Bf4 Nd7 9. Rd1 Qc7 10. c5 b4 11. cxd6 exd6 12. Na4 Bg7 13. h3 Ngf6 14. e5 dxe5 15. dxe5 Nh5 16. Bh2 O-O 17. e6 Ne5 18. exf7+ Kh8 19. Nxe5 Bxe5 20. Qc5 Rxf7 21. Bxe5+ Qxe5+ 22. Qxe5+ Nf6 23. Rd8+ Kg7 24. Nb6 Bb7 25. Nxa8 c5 26. Bc4 Bxg2 27. Rg1 Bxa8 28. Bxf7 1-0

[Event "Czech Open Rapid G1 2024"]
[Site "Pardubice"]
[Date "2024.07.18"]
[Round "6.36"]
[White "Pejrimovska, Viola Ruby"]
[Black "Chaika, Vitalii"]
[Result "1-0"]
[Annotator "RC"]
[ECO "B07"]
[WhiteElo "1780"]
[BlackElo "2111"]
[PlyCount "59"]
[EventDate "2024.07.16"]
[EventType "swiss"]
[EventCountry "CZE"]
[SourceTitle "playchess.com"]
[Source "ChessBase"]
[SourceQuality "1"]
[TimeControl "1200+10"]

1. e4 d6 2. d4 c6 3. Nc3 Nf6 4. f3 Nbd7 5. Be3 e5 6. Qd2 Be7 7. O-O-O b5 8. Kb1 O-O 9. g4 Nb6 10. h4 b4 11. Nce2 Nc4 12. Qc1 Nxe3 13. Qxe3 Qb6 14. h5 Ne8 15. g5 f5 16. gxf6 Nxf6 17. Nh3 d5 18. Rg1 dxe4 19. Qg5 Rf7 20. Qxe5 exf3 21. Nef4 Nd5 22. h6 g6 23. Nxg6 hxg6 24. Rxg6+ Kh7 25. Rg7+ Kxh6 26. Rxf7 Nc3+ 27. Ka1 Nxd1 28. Qg7+ Kh5 29. Qh7+ Kg4 30. Rg7+ 1-0

[Event "Czech Open Rapid G1 2024"]
[Site "Pardubice"]
[Date "2024.07.18"]
[Round "7.1"]
[White "Movsesian, Sergei"]
[Black "Abdulov, Orkhan"]
[Result "1-0"]
[Annotator "TA"]
[ECO "B30"]
[WhiteElo "2618"]
[BlackElo "2382"]
[PlyCount "75"]
[EventDate "2024.07.16"]
[EventType "swiss"]
[EventCountry "CZE"]
[SourceTitle "playchess.com"]
[Source "ChessBase"]
[SourceQuality "1"]
[TimeControl "1200+10"]

1. e4 c5 2. Nc3 Nc6 3. Nf3 Nf6 4. Bb5 Nd4 5. e5 Nxb5 6. Nxb5 Nd5 7. Ng5 f6 8. Ne4 a6 9. Nbc3 Nxc3 10. dxc3 {[%emt 0:00:03] White is slightly better.} c4 $2 (10... Qb6 $14) 11. exf6 $18 exf6 12. Qh5+ g6 13. Qd5 Qe7 14. Bf4 (14. Qxc4 $2 f5 15. O-O Qxe4 $19 (15... fxe4 16. Re1 $17)) 14... Qe6 15. Qxe6+ dxe6 {[%emt 0:00:01] Black is weak on the dark squares} 16. Nxf6+ Kf7 17. Ne4 Be7 18. O-O-O b5 19. Bg5 {[%emt 0:00:59] White has more active pieces.} Ra7 20. h4 h6 21. Bxe7 Kxe7 22. Rde1 Rd7 23. Rh3 Rd5 24. Rhe3 Rf8 25. g3 e5 {[%emt 0:01:09] [#]} (25... g5 $16) 26. f3 $1 Rfd8 27. b3 Bf5 28. Nf2 Bxc2 $2 {[%emt 0:00:43] [#]} 29. bxc4 $1 ({Not} 29. Kxc2 Rd2+ 30. Kc1 cxb3 31. Rxe5+ Kf7 32. axb3 (32. Re7+ Kf8 $11) 32... Rxf2 $11) (29. Rxe5+ Rxe5 30. Rxe5+ Kd6 $16) 29... bxc4 30. Rxe5+ (30. Kxc2 Rd2+ 31. Kc1 Rxf2 $11) 30... Rxe5 31. Rxe5+ $16 {[%emt 0:00:02][%mdl 4096] Endgame. KRB-KRN} Kd6 32. Ra5 Bf5 33. Rxa6+ Kc5 34. h5 Rb8 (34... Kd5 $142 35. a4 (35. hxg6 Rg8 $18) 35... Rg8 36. hxg6 Bxg6) 35. hxg6 $18 {[%emt 0:00:09] Hoping for Ra5+.} Rb1+ 36. Kd2 Rb2+ 37. Ke3 {[%emt 0:00:03] And now Ra5+ would win.} Rc2 38. Ra5+ {[%emt 0:00:08] Weighted Error Value: White=0.12 (very precise) /Black=0.66.  Loses game:     	---       	Black=2      Mistake:       	---       	Black=2      Inaccurate:     	White=1     	Black=3      OK:         	White=11    	Black=5      Best:        	White=2     	Black=4      Strong:       	White=1     	---} 1-0